[ PARTIDA AOE2 · #507833796 ]
UnrankedJemeres vs Persians
Equipo del jugador · DERR
Equipo rival · VICT
[ ANÁLISIS DE REPETICIÓN · EXTRAÍDO DE LA PARTIDA GRABADA ]
Feudal
8:38
Castillos
—
Imperial
—
| APM promedio | 33.3 |
| APM pico | 48 |
| eAPM promedio | 14.3 |
| Aldeanos / militares | 28 / 0 |
Foco
⚔️ 18.7% · 🌾 81.3%
Feudal
8:30
Castillos
—
Imperial
—
| APM promedio | 55.4 |
| APM pico | 93 |
| eAPM promedio | 16.4 |
| Aldeanos / militares | 31 / 6 |
Foco
⚔️ 26.8% · 🌾 73.2%
Scout Cavalry ×6
Mapa de la partida
Recursos iniciales + cada clic de construcción. Líneas = muros · curvas = relieve. ◆ oro · ⬟ piedra · ● bayas · ✦ reliquia · ◌ hueco del cierre
Tu base· Abierta — flanco sin cerrar
Base de [PSCH] wolverito· Abierta — flanco sin cerrar
Terreno inicial suavizado · ◌ = hueco del cierre detectado · pasá el cursor para detalles
Inputs por minuto
— Lord_calderon - - [PSCH] wolverito
Build order — Lord_calderon
71 acciones detectadas en el replay
| 0:02 | Encolar | Villager (Male) |
| 0:02 | Encolar | Villager (Male) |
| 0:03 | Construir | House |
| 0:05 | Construir | House |
| 0:09 | Encolar | Villager (Male) |
| 0:09 | Encolar | Villager (Male) |
| 0:10 | Encolar | Villager (Male) |
| 1:27 | Encolar | Villager (Male) |
| 1:27 | Encolar | Villager (Male) |
| 1:27 | Encolar | Villager (Male) |
| 2:08 | Encolar | Villager (Male) |
| 2:28 | Encolar | Villager (Male) |
| 2:40 | Construir | Lumber Camp |
| 2:59 | Encolar | Villager (Male) |
| 3:00 | Encolar | Villager (Male) |
| 3:00 | Encolar | Villager (Male) |
| 3:00 | Encolar | Villager (Male) |
| 3:12 | Construir | House |
| 3:14 | Construir | Palisade Wall |
| 3:28 | Encolar | Villager (Male) |
| 3:28 | Encolar | Villager (Male) |
| 3:29 | Encolar | Villager (Male) |
| 4:37 | Encolar | Villager (Male) |
| 4:37 | Encolar | Villager (Male) |
| 4:43 | Encolar | Villager (Male) |
| 4:44 | Investigar | Loom |
| 6:28 | Investigar | Feudal Age |
| 6:28 | Investigar | Feudal Age |
| 6:28 | Investigar | Feudal Age |
| 6:35 | Construir | Mining Camp |
| 6:49 | Construir | House |
| 6:50 | Construir | Palisade Wall |
| 8:10 | Construir | Palisade Wall |
| 8:11 | Construir | Palisade Wall |
| 8:14 | Construir | Palisade Wall |
| 8:25 | Construir | Palisade Wall |
| 8:28 | Construir | Palisade Wall |
| 8:38 | Edad | Edad Feudal |
| 8:42 | Encolar | Villager (Male) |
| 9:02 | Encolar | Villager (Male) |
| 9:19 | Construir | Watch Tower |
| 9:44 | Encolar | Villager (Male) |
| 10:02 | Construir | Watch Tower |
| 10:08 | Construir | Palisade Wall |
| 10:11 | Construir | Palisade Wall |
| 10:13 | Construir | Palisade Wall |
| 10:40 | Encolar | Villager (Male) |
| 10:50 | Construir | Gate |
| 10:51 | Construir | Palisade Wall |
| 11:12 | Construir | Watch Tower |
| 11:22 | Construir | Watch Tower |
| 11:27 | Encolar | Villager (Male) |
| 11:32 | Construir | Blacksmith |
| 11:36 | Construir | House |
| 11:44 | Encolar | Villager (Male) |
| 12:06 | Construir | Watch Tower |
| 12:19 | Construir | Watch Tower |
| 12:21 | Encolar | Villager (Male) |
| 12:54 | Construir | Farm |
| 12:54 | Construir | Farm |
| 12:55 | Construir | Farm |
| 12:55 | Construir | Farm |
| 12:55 | Construir | Farm |
| 12:55 | Construir | Farm |
| 13:08 | Construir | Palisade Wall |
| 14:08 | Construir | Farm |
| 14:08 | Construir | Farm |
| 14:08 | Construir | Farm |
| 14:09 | Construir | Farm |
| 14:09 | Construir | Farm |
| 14:37 | Encolar | Villager (Male) |
Build order — [PSCH] wolverito
61 acciones detectadas en el replay
| 0:00 | Encolar | Villager (Male) |
| 0:01 | Encolar | Villager (Male) |
| 0:02 | Construir | House |
| 0:03 | Construir | House |
| 0:04 | Encolar | Villager (Male) |
| 0:07 | Encolar | Villager (Male) |
| 0:07 | Encolar | Villager (Male) |
| 1:24 | Encolar | Villager (Male) |
| 2:00 | Encolar | Villager (Male) |
| 2:00 | Encolar | Villager (Male) |
| 2:14 | Encolar | Villager (Male) |
| 2:43 | Encolar | Villager (Male) |
| 2:44 | Encolar | Villager (Male) |
| 2:50 | Construir | House |
| 2:51 | Encolar | Villager (Male) |
| 3:16 | Construir | Lumber Camp |
| 3:57 | Encolar | Villager (Male) |
| 4:01 | Encolar | Villager (Male) |
| 4:13 | Encolar | Villager (Male) |
| 4:30 | Encolar | Villager (Male) |
| 5:00 | Encolar | Villager (Male) |
| 5:16 | Construir | Mill |
| 5:43 | Investigar | Loom |
| 6:26 | Investigar | Feudal Age |
| 7:02 | Construir | Barracks |
| 7:05 | Encolar | Villager (Male) |
| 7:06 | Encolar | Villager (Male) |
| 7:21 | Construir | House |
| 7:24 | Encolar | Villager (Male) |
| 8:30 | Edad | Edad Feudal |
| 8:34 | Construir | Stable |
| 8:40 | Construir | Stable |
| 8:44 | Construir | Palisade Wall |
| 8:45 | Encolar | Villager (Male) |
| 8:51 | Investigar | Double-Bit Axe |
| 9:16 | Encolar | Scout Cavalry |
| 9:16 | Encolar | Scout Cavalry |
| 9:33 | Construir | House |
| 9:59 | Encolar | Villager (Male) |
| 10:07 | Encolar | Scout Cavalry |
| 10:07 | Encolar | Scout Cavalry |
| 10:23 | Construir | Watch Tower |
| 10:37 | Construir | Palisade Wall |
| 10:40 | Construir | Palisade Wall |
| 10:42 | Encolar | Villager (Male) |
| 11:08 | Construir | House |
| 11:27 | Construir | Mining Camp |
| 11:31 | Encolar | Scout Cavalry |
| 11:31 | Encolar | Scout Cavalry |
| 11:35 | Encolar | Villager (Male) |
| 11:48 | Construir | Market |
| 11:56 | Encolar | Villager (Male) |
| 12:23 | Encolar | Villager (Male) |
| 12:41 | Construir | House |
| 13:24 | Encolar | Villager (Male) |
| 13:52 | Construir | House |
| 13:56 | Construir | Lumber Camp |
| 14:04 | Encolar | Villager (Male) |
| 14:17 | Encolar | Villager (Male) |
| 14:44 | Encolar | Villager (Male) |
| 14:44 | Encolar | Villager (Male) |
Cronología de la partida
| 3:14 | Lord_calderon · wall_segment Palisade Wall x2 |
| 6:50 | Lord_calderon · wall_segment Palisade Wall x1 |
| 7:02 | [PSCH] wolverito · first_building Barracks |
| 8:10 | Lord_calderon · wall_segment Palisade Wall x1 |
| 8:11 | Lord_calderon · wall_segment Palisade Wall x1 |
| 8:14 | Lord_calderon · wall_segment Palisade Wall x1 |
| 8:25 | Lord_calderon · wall_segment Palisade Wall x1 |
| 8:28 | Lord_calderon · wall_segment Palisade Wall x3 |
| 8:30 | [PSCH] wolverito · age_up feudal |
| 8:34 | [PSCH] wolverito · first_building Stable |
| 8:38 | Lord_calderon · age_up feudal |
| 8:44 | [PSCH] wolverito · wall_segment Palisade Wall x6 |
| 10:08 | Lord_calderon · wall_segment Palisade Wall x1 |
| 10:11 | Lord_calderon · wall_segment Palisade Wall x1 |
| 10:13 | Lord_calderon · wall_segment Palisade Wall x1 |
| 10:37 | [PSCH] wolverito · wall_segment Palisade Wall x4 |
| 10:40 | [PSCH] wolverito · wall_segment Palisade Wall x6 |
| 10:51 | Lord_calderon · wall_segment Palisade Wall x1 |
| 13:08 | Lord_calderon · wall_segment Palisade Wall x1 |
| 13:54 | [PSCH] wolverito · first_market_buy 100 wood |
| 15:11 | Lord_calderon · resign |
[ ANÁLISIS IA · 1 CRÉDITO ]
¿Qué pasó realmente en esta partida?
Wolo.gg analiza cada decisión: build order, eco, micro, errores típicos por bracket. Análisis personalizado por WhatsApp o Discord en 30 segundos.
Guía civ
Jemeres
Perfil
Jugador #2723392